 Dungeon Crawl Stone Soup version 0.30.0-19-g36f170ea60 (webtiles) character file.

Game seed: 17498738707475381772

632 jagang the Magician (level 7, 0/36 HPs)
             Began as a Deep Elf Ice Elementalist on June 1, 2023.
             Slain by a phantom (4 damage)
             ... on level 5 of the Dungeon.
             The game lasted 00:13:45 (3435 turns).

jagang the Magician (Deep Elf Ice Elementalist)     Turns: 3435, Time: 00:13:46

Health: 0/36       AC: 15    Str:  5    XL:     7   Next: 24%
Magic:  4/19       EV: 14    Int: 24    God:
Gold:   40         SH:  0    Dex: 15    Spells: 12/19 levels left

rFire   . . .        i - +0 short sword
rCold   . . .        (no shield)
rNeg    . . .        n - +2 robe of Esewizu {Int+2 Stlth+}
rPois   .            c - +2 hat
rElec   .            (no cloak)
rCorr   .            (no gloves)
SInv    .            e - +0 pair of boots
Will    .....        q - amulet of magic regeneration
Stlth   +++          (no ring)
HPRegen 0.26/turn    (no ring)
MPRegen 0.56/turn

%: no passive effects
@: ice-armoured, hasted, very quick
A: no striking features
a: no special abilities


You were on level 5 of the Dungeon.
You visited 1 branch of the dungeon, and saw 5 of its levels.

You collected 229 gold pieces.
You spent 189 gold pieces at shops.

Inventory:

Hand Weapons
 i - a +0 short sword (weapon)
 C - a +3 heavy falchion
Missiles
 t - a throwing net
Armour
 c - a +2 hat (worn)
 e - a +0 pair of boots (worn)
 n - the +2 robe of Esewizu (worn) {Int+2 Stlth+}
   (You found it on level 3 of the Dungeon)

   Int:       It affects your intelligence (+2).
   Stlth:     It makes you more stealthy.
 o - a +0 kite shield
 D - the +2 robe "Mosiufut" {Drain rElec rF+}
   (You found it on level 5 of the Dungeon)

   rF:        It protects you from fire.
   rElec:     It insulates you from electricity.
   Drain:     It drains your maximum health when unequipped.
Magical Staves
 v - a staff of earth
Jewellery
 q - an amulet of magic regeneration (around neck)
 r - an amulet of faith
 y - a +6 ring of intelligence
Wands
 A - a wand of digging (8)
Scrolls
 a - 2 scrolls of teleportation
 d - 5 scrolls of identify {unknown}
 h - 3 scrolls of immolation {unknown}
 j - 2 scrolls of brand weapon {unknown}
 l - 2 scrolls of blinking
 m - 4 scrolls of enchant armour {unknown}
 s - a scroll of magic mapping {unknown}
 x - 2 scrolls of noise {unknown}
 z - a scroll of fog {unknown}
 E - a scroll of poison {unknown}
Potions
 b - a potion of magic
 f - a potion of cancellation {unknown}
 g - a potion of lignification {unknown}
 k - a potion of brilliance {unknown}
 p - 2 potions of haste
 u - a potion of degeneration {unknown}
 B - a potion of ambrosia {unknown}


   Skills:
 + Level 1.0 Short Blades
 + Level 2.4 Armour
 + Level 4.6 Dodging
 - Level 2.4 Stealth
 + Level 0.7 Shields
 * Level 6.8 Spellcasting
 * Level 5.9 Ice Magic


You had 12 spell levels left.
You knew the following spells:

 Your Spells              Type           Power      Damage    Failure   Level
a - Freeze                Ice            100%       1d10      1%          1
b - Frozen Ramparts       Ice            72%        1d11      1%          3
c - Ozocubu's Armour      Ice            36%        N/A       1%          3

Your spell library contained the following spells:

 Spells                   Type           Power      Damage    Failure   Level
 Summon Ice Beast         Ice/Summ       22%        N/A       22%         4


Dungeon Overview and Level Annotations

Branches:
Dungeon (5/15)
 Temple: D:4-7

Altars:
Cheibriados

Shops:
D:4 *


Message History

The phantom hits you but does no damage.
You hit the phantom.
The phantom is severely damaged.
The phantom hits you but does no damage.
You closely miss the phantom.
The phantom is severely damaged.
You hit the phantom but do no damage.
The phantom is severely damaged.
The phantom hits you but does no damage.
You barely miss the phantom.
The phantom is severely damaged.
You closely miss the phantom.
The phantom is severely damaged.
The phantom barely misses you.
You hit the phantom but do no damage.
The phantom is severely damaged.
The phantom completely misses you.
Casting: Freeze (safe; 1% risk of failure)
Confirm with . or Enter, or press ? or * to list all spells.
Aiming: Freeze (safe; 1% risk of failure)
Press: ? - help, Shift-Dir - straight line, f/p - phantom
Aim: a phantom (severely damaged)
You freeze the phantom but do no damage.
The phantom completely resists.
Casting: Freeze (safe; 1% risk of failure)
Confirm with . or Enter, or press ? or * to list all spells.
Aiming: Freeze (safe; 1% risk of failure)
Press: ? - help, Shift-Dir - straight line, f/p - phantom
Aim: a phantom (severely damaged)
You freeze the phantom but do no damage.
The phantom completely resists.
The phantom hits you.
* * * LOW HITPOINT WARNING * * *
Casting: Freeze (safe; 1% risk of failure)
Confirm with . or Enter, or press ? or * to list all spells.
Aiming: Freeze (safe; 1% risk of failure)
Press: ? - help, Shift-Dir - straight line, f/p - phantom
Aim: a phantom (severely damaged)
You freeze the phantom but do no damage.
The phantom completely resists.
The phantom hits you.
You die...

.....# # .[...# # ##
######.....# ### #.[###
#..........# #.. ##.....
#..........# #.#
......†##)....[....# #####.#
.......'.)..)......+ .......
....).)##).........# ####.#
..(....##.W@..###### #.#
...................#######..
##################......####
######..# # ##.### #...#
###.# #.# #..


You could see a phantom.

Vanquished Creatures
  Eustachio (D:5)
  A water moccasin (D:5)
  An ogre (D:4)
  A centaur (D:5)
  2 iguanas
  An orc wizard (D:4)
  5 adders
  An ufetubus (D:4)
  A worm (D:2)
  2 dart slugs
  16 orcs
  5 ball pythons
  4 endoplasms
  3 giant cockroaches
  10 goblins
  5 hobgoblins
  8 kobolds (D:1)
  3 quokkas
  7 bats
  3 frilled lizards
  5 rats (D:1)
85 creatures vanquished.

Notes
Turn   | Place    | Note
-------+----------+-------------------------------------------
     0 | D:1      | jagang the Deep Elf Ice Elementalist began the quest for
                  | the Orb.
     0 | D:1      | Reached XP level 1. HP: 10/10 MP: 6/6
   223 | D:1      | Reached XP level 2. HP: 15/15 MP: 2/8
   768 | D:1      | Reached XP level 3. HP: 19/19 MP: 7/10
  1204 | D:2      | Reached skill level 4 in Spellcasting
  1294 | D:2      | Found a snail-covered altar of Cheibriados.
  1532 | D:3      | Reached skill level 1 in Armour
  1536 | D:3      | Identified the +2 robe of Esewizu {Int+2 Stlth+}
  1579 | D:3      | Learned a level 3 spell: Frozen Ramparts
  1583 | D:3      | Learned a level 3 spell: Ozocubu's Armour
  1678 | D:3      | Reached XP level 4. HP: 24/24 MP: 10/12
  2680 | D:4      | Noticed an ogre
  2681 | D:4      | Found Keymeop's General Store.
  2696 | D:4      | Killed an ogre
  2697 | D:4      | Reached skill level 5 in Spellcasting
  2697 | D:4      | Reached skill level 5 in Ice Magic
  2697 | D:4      | Reached XP level 5. HP: 20/28 MP: 7/14
  2741 | D:4      | Bought a potion of curing for 42 gold pieces
  2741 | D:4      | Bought a scroll of blinking for 105 gold pieces
  2741 | D:4      | Bought a scroll of teleportation for 42 gold pieces
  3171 | D:5      | Entered Level 5 of the Dungeon
  3194 | D:5      | Noticed Eustachio
  3206 | D:5      | Killed Eustachio
  3207 | D:5      | Reached skill level 6 in Spellcasting
  3207 | D:5      | Reached XP level 6. HP: 24/32 MP: 12/17
  3212 | D:5      | Identified the +2 robe "Mosiufut" {Drain rElec rF+}
  3396 | D:5      | Noticed a water moccasin
  3404 | D:5      | Killed a water moccasin
  3405 | D:5      | Reached XP level 7. HP: 10/36 MP: 12/18
  3407 | D:5      | Reached skill level 1 in Short Blades
  3409 | D:5      | HP: 1/36 [phantom (4)]
  3435 | D:5      | Slain by a phantom

Illustrated notes

Levels and vault maps discovered:
D:1:      dpeg_arrival_rooms_b, layout_loops_cross
D:2:      layout_basic, basic_altar
D:3:      minmay_angry_zag, layout_rooms, serial_co_window_serial,
          co_window_paths_a, co_window_of_opportunity_a, co_window_paths_a,
          co_window_paths_a, co_window_corner_a, co_window_2corner,
          co_window_2corner, co_window_unsneaky_path_c,
          co_window_unsneaky_path_c, co_window_broadway_c, co_window_2corner,
          co_window_paths_c, glass_columns_a
D:4:      layout_basic, kennysheep_small_circle
D:5:      layout_basic, amethyst_killhole, uniq_eustachio

Skill      XL: |  1  2  3  4  5  6  7 |
---------------+----------------------+-----
Spellcasting   | 4 5 6 |  6.8
Dodging        | 3 4 |  4.6
Armour         | 1 2 |  2.4
Ice Magic      | 5 |  5.9
Short Blades   | 1 |  1.0
Stealth        | |  2.4
Shields        | |  0.7

Action                     |  1- 3 |  4- 6 |  7- 9 || total
---------------------------+-------+-------+-------++-------
  Melee: Unarmed           |     1 |       |       ||     1
         Short sword       |     2 |       |     7 ||     9
   Cast: Freeze            |    60 |    58 |    17 ||   135
         Frozen Ramparts   |       |     6 |       ||     6
         Ozocubu's Armour  |       |       |     1 ||     1
    Use: Potion            |       |       |     4 ||     4
   Stab: Sleeping          |     1 |       |       ||     1
 Armour: Robe              |    11 |    10 |     8 ||    29
  Dodge: Dodged            |    25 |    44 |     7 ||    76
